Map: Prion Terraces

Players

Gracz

  • Race: Terran Terran

EnlightenMe - Winner!

  • Race: Zerg Zerg

VOD

Have the link to the VOD?

Description

Time

  • Played on: April 27, 2016, 10:38 a.m.
  • Length: 7:22
Show
View Real Time Build Order
Export as new Build Order

Gracz Terran 

Build Orders:  

Get SALT Encoding   

  12  0:15  SCV  
  13  0:27  SCV  
  14  0:39  SCV  
  15  0:45  Supply Depot  
  15  0:47  Supply Depot  
  15  1:13  Barracks  
  15  1:15  Barracks  
  15  1:28  Barracks  
  15  2:14  Supply Depot  
  15  2:20  Marine x3, Supply Depot  
  18  2:37  Marine  
  18  2:38  Marine x2  
  21  2:55  Marine  
  21  2:56  Marine x2  
  24  3:13  Marine  
  24  3:14  Marine x2  
  18  3:31  Marine x3  
  18  3:49  Marine x2  
  16  5:47  Marine  
  16  5:48  Marine x2  
  17  6:05  Marine  
  17  6:06  Marine x2  
Show
View Real Time Build Order
Export as new Build Order

EnlightenMe Zerg - Winner!

Build Orders: 3 Hatch before Pool 

Get SALT Encoding   

  12  0:01  Drone  
  13  0:12  Overlord  
  13  0:17  Drone  
  14  0:31  Drone x2  
  14  0:34  Drone  
  17  0:55  Hatchery  
  16  0:57  Drone  
  17  1:23  Hatchery  
  17  1:25  Drone  
  17  1:26  Drone  
  18  1:45  Drone  
  18  1:46  Spawning Pool  
  18  1:47  Drone  
  18  1:50  Extractor  
  18  1:51  Drone  
  19  2:02  Overlord  
  19  2:14  Drone x2  
  21  2:19  Drone  
  22  2:33  Roach Warren  
  22  2:35  Drone x2  
  23  2:37  Drone  
  23  2:40  Queen  
  23  2:42  Zergling x2  
  27  2:47  Zergling x2  
  27  2:49  Drone  
  29  2:52  Drone x2  
  29  2:57  Drone  
  32  3:15  Spine Crawler  
  32  3:17  Drone  
  32  3:19  Roach x2  
  36  3:25  Drone x2  
  36  3:26  Drone x3  
  41  3:34  Drone  
  42  3:39  Spine Crawler  
  42  3:41  Queen, Overlord  
  41  3:42  Spore Crawler  
  42  3:50  Overlord  
  42  3:51  Overlord  
  43  4:07  Spine Crawler  
  43  4:08  Metabolic Boost, Spine Crawler  
  43  4:09  Spine Crawler  
  40  4:11  Zergling x4  
  40  4:14  Roach x2  
  46  4:24  Overlord  
  37  4:57  Overlord x2  
  34  5:17  Zergling x2  
  33  5:39  Zergling x6  
  34  6:15  Zergling x2  
  34  6:16  Zergling x4  
  37  6:30  Roach x2  
Tags
 
Add a new tag
Caveats
  • Supply blocks, unpowered buildings, or Contaminate may cause inaccurate times.
  • Supply counts are checked every 10 seconds.